 Dungeon Crawl Stone Soup version 0.27.1 (webtiles) character file.

Game seed: 15710015810202636570

721 Destapler the Shield-Bearer (level 7, 0/50 (64) HPs)
             Began as a Deep Dwarf Fighter on Aug 24, 2021.
             Was an Initiate of Makhleb.
             Slain by a wight (6 damage)
             ... on level 5 of the Dungeon.
             The game lasted 00:13:09 (2881 turns).

Destapler the Shield-Bearer (Deep Dwarf Fighter)    Turns: 2881, Time: 00:13:09

HP:   0/50 (64)     AC:  8    Str: 21    XL:     7   Next: 43%
MP:   10/10         EV:  8    Int:  9    God:    Makhleb [......]
Gold: 245           SH: 10    Dex: 12    Spells: 6/6 levels left

rFire    . . .     SeeInvis .   f - +2 whip (elec)
rCold    . . .     Faith    .   c - +0 kite shield
rNeg     . . .     Spirit   .   b - +0 scale mail
rPois    .         Reflect  .   (no helmet)
rElec    .         Harm     .   (no cloak)
rCorr    +         Rampage  .   (no gloves)
Will     ++...                  u - +0 pair of boots
Stlth    ..........             (no amulet)
HPRegen  0.00/turn              p - ring of willpower
MPRegen  0.12/turn              r - ring of resist corrosion

@: heavily drained
A: damage resistance, heal wounds, sense surroundings 1, no regeneration
a: Heal Wounds, Renounce Religion


You were on level 5 of the Dungeon.
You worshipped Makhleb.
Makhleb was noncommittal.
You visited 2 branches of the dungeon, and saw 6 of its levels.
You also visited: Ossuary.

You collected 245 gold pieces.

Inventory:

Hand Weapons
 a - a +0 war axe
 f - a +2 whip of electrocution (weapon)
Missiles
 l - 4 boomerangs
 o - 25 poisoned darts (quivered)
Armour
 b - a +0 scale mail (worn)
 c - a +0 kite shield (worn)
 u - a +0 pair of boots (worn)
Jewellery
 p - a ring of willpower (left hand)
 r - a ring of resist corrosion (right hand)
Wands
 B - a wand of polymorph (10)
Scrolls
 e - 3 scrolls of identify {unknown}
 m - 3 scrolls of immolation {unknown}
 n - 2 scrolls of teleportation {unknown}
 t - a scroll of vulnerability {unknown}
 x - 2 scrolls of amnesia {unknown}
 y - a scroll of enchant weapon {unknown}
 z - a scroll of fear {unknown}
 C - a scroll of blinking {unknown}
Potions
 d - a potion of might
 g - a potion of curing {unknown}
 h - 3 potions of flight {unknown}
 i - 3 potions of magic {unknown}
 j - a potion of lignification {unknown}
 k - 2 potions of cancellation {unknown}
 q - 2 potions of heal wounds {unknown}
 s - a potion of invisibility {unknown}
 v - a potion of haste {unknown}
 w - a potion of berserk rage {unknown}
 A - a potion of degeneration {unknown}


   Skills:
 + Level 4.2 Fighting
 - Level 4.0 Axes
 + Level 4.2 Armour
 + Level 1.2 Dodging
 - Level 2.0 Stealth
 + Level 5.1 Shields
 + Level 4.5 Invocations
 - Level 3.0 Evocations


You had 6 spell levels left.
You didn't know any spells.
Your spell library was empty.

Dungeon Overview and Level Annotations

Branches:
Dungeon (5/15)             Temple (1/1) D:5         Ossuary (visited)

Altars:
Ashenzari
Makhleb
Nemelex Xobeh
Sif Muna
Trog

Shops:
D:3 [

Annotations:
D:5 3 runed translucent doors


Innate Abilities, Weirdness & Mutations

You are resistant to damage.
You can heal yourself by infusing magical energy.
You passively map a small area around you.
You do not regenerate.


Message History

You hit the wight.
The wight is moderately damaged.
The wight hits you with a +0 dire flail.
* * * LOW HITPOINT WARNING * * *
The wight hits you from afar with a +3 spear.
You hit the wight but do no damage.
The wight is moderately damaged.
The wight barely misses you. The wight hits you but does no damage.
You hit the wight but do no damage.
The wight is moderately damaged.
The wight hits you with a +0 dire flail.
You feel drained.
The wight hits you from afar with a +3 spear.
* * * LOW HITPOINT WARNING * * *
You hit the wight.
The wight is heavily damaged.
You block the wight's attack. x2; The wight barely misses you.
You barely miss the wight.
The wight is heavily damaged.
The wight hits you from afar with a +3 spear.
* * * LOW HITPOINT WARNING * * *
You block the wight's attack.
The wight hits you from afar with a +3 spear.
You hit the wight but do no damage. Lightning courses through the wight!
You destroy the wight!
Makhleb accepts your kill.
The wight hits you from afar with a +3 spear!
* * * LOW HITPOINT WARNING * * *
You feel drained.
* * * LOW HITPOINT WARNING * * *
The wight hits you with a +3 spear.
You feel drained.
There is an open door, spattered with blood here.
Items here: ))) [[[.
You barely miss the wight. You block the wight's attack.
You barely miss the wight. The wight hits you with a +3 spear.
You feel drained.
You closely miss the wight. The wight hits you with a +3 spear.
You barely miss the wight. You block the wight's attack.
The wight hits you with a +3 spear!
You die...

, * ##.......## *
#.........# +.....>...+
#.........# * ,
#.......# * *#.....# .
,. #z..# *.##. , , #@#
..# , * #######.#######
#.#..#* ,
..............###.#...##
#####...#####.##..##....
*#....####.##...#.... **
................##...
..........##.###...##..
#............# ###..###
*####.#.####### ##....


You could see a wight.

Vanquished Creatures
  A scorpion (D:4)
  3 wights (D:5)
  A human zombie (Ossuary)
  An orc priest (D:3)
  A centaur zombie (D:5)
  A hound (D:3)
  A jelly (D:5)
  An orc wizard (D:3)
  2 hound skeletons
  3 mummies (Ossuary)
  8 adders
  7 gnolls
  A shadow imp (D:5)
  A white imp (D:5)
  An ufetubus (D:5)
  2 adder zombies (Ossuary)
  2 worms
  An adder skeleton (D:4)
  3 dart slugs
  14 orcs
  10 endoplasms
  3 giant cockroaches
  8 goblins
  7 hobgoblins
  3 jackals (D:3)
  2 quokkas
  5 ball pythons
  A ball python skeleton (D:3)
  7 bats
  2 frilled lizards
  4 goblin zombies (Ossuary)
  10 kobolds
  3 kobold zombies (Ossuary)
  3 quokka zombies (Ossuary)
  6 rats
  5 rat zombies (Ossuary)
134 creatures vanquished.

Notes
Turn   | Place    | Note
-------+----------+-------------------------------------------
     0 | D:1      | Destapler the Deep Dwarf Fighter began the quest for the
                  | Orb.
     0 | D:1      | Reached XP level 1. HP: 20/20 MP: 1/1
   147 | D:1      | Reached XP level 2. HP: 25/27 MP: 2/2
   236 | D:1      | Found a faded altar of an unknown god.
   246 | D:1      | Reached skill level 1 in Invocations
   382 | D:1      | Reached skill level 1 in Stealth
   382 | D:1      | Reached skill level 1 in Evocations
   636 | D:2      | Reached XP level 3. HP: 24/33 MP: 3/3
   718 | D:2      | Reached XP level 4. HP: 17/42 MP: 5/5
  1004 | D:3      | Found Epheot's Armour Shop.
  1187 | D:3      | Reached XP level 5. HP: 24/49 MP: 6/6
  1413 | D:3      | Reached skill level 4 in Shields
  1690 | D:4      | Reached XP level 6. HP: 27/56 MP: 8/8
  2184 | D:5      | Entered Level 5 of the Dungeon
  2199 | D:5      | Found a sand-covered staircase.
  2203 | Ossuary  | Entered an ossuary
  2462 | D:5      | Reached XP level 7. HP: 48/63 MP: 10/10
  2606 | D:5      | Found a staircase to the Ecumenical Temple.
  2638 | Temple   | Entered the Ecumenical Temple
  2651 | Temple   | Became a worshipper of Makhleb the Destroyer
  2821 | D:5      | Found a runed translucent gate.
  2821 | D:5      | Found a runed translucent gate.
  2821 | D:5      | Found a runed translucent gate.
  2864 | D:5      | Reached skill level 5 in Shields
  2871 | D:5      | Reached skill level 1 in Dodging
  2881 | D:5      | Slain by a wight

Illustrated notes

Levels and vault maps discovered:
D:1:      amcnicky_arrival_double_pillar, layout_loops_ring,
          chequers_ecumenical_altar_simple_redux
D:2:      layout_rooms
D:3:      minmay_recursive_quarters, layout_basic, serial_shops, shop,
          st_stairs_12
D:4:      minmay_general_purpose_star, layout_gridville
D:5:      layout_loops_corners, minmay_temple_entry_crystal_x,
          gammafunk_ghost_icy, nicolae_ossuary_entry_plus
Temple:   regret_index_temple_sigil_plot

Skill      XL: |  1  2  3  4  5  6  7 |
---------------+----------------------+-----
Invocations    | 1 2 3 4 |  4.5
Stealth        | 1 2 |  2.0
Evocations     | 1 2 3 |  3.0
Fighting       | 3 4 |  4.2
Armour         | 4 |  4.2
Axes           | 3 4 |  4.0
Shields        | 4 5 |  5.1
Dodging        | 1 |  1.2

Action                   |  1- 3 |  4- 6 |  7- 9 || total
-------------------------+-------+-------+-------++-------
Melee: War axe           |    13 |       |       ||    13
       Whip              |    77 |   284 |    51 ||   412
Throw: Dart              |       |     3 |       ||     3
 Abil: Heal Wounds       |       |     5 |     1 ||     6
Armor: Scale mail        |    38 |    93 |    16 ||   147
Dodge: Dodged            |    30 |    84 |    21 ||   135
Block: Kite shield       |    69 |   163 |    38 ||   270
